 Dungeon Crawl Stone Soup version 0.14-a0-2019-gd9bc7f0 (webtiles) character file.

18032 Nicoed the Protected (level 12, 0/110 HPs)
             Began as a Minotaur Fighter on Jan 19, 2014.
             Was the Champion of Okawaru.
             Slain by a 16-headed hydra (7 damage)
             ... on Level 2 of the Lair of Beasts.
             The game lasted 00:54:58 (14927 turns).

Nicoed the Protected (Minotaur Fighter)            Turns: 14927, Time: 00:54:58

HP   0/110       AC 15     Str 24      XL: 12   Next: 18%
MP  13/13        EV 14     Int  5      God: Okawaru [******]
Gold 675         SH 26     Dex 12      Spells:  0 memorised, 11 levels left

rFire  + + .     SeeInvis .     M - +1 demon blade (freeze)
rCold  . . .     Clarity  .     N - +4 orc ring mail {rF+}
rNeg   + . .     Conserve .     L - +1 shield {rF+}
rPois  .         rCorr    .     (helmet restricted)
rElec  .         rRot     .     D - +1 cloak
SustAb . .       Spirit   .     (no gloves)
rMut   .         Warding  .     R - +0 pair of boots
Saprov . . .     Stasis   .     v - amulet of faith
MR     .....                    (no ring)
                                o - ring of positive energy

@: about to teleport, not resistant to hostile enchantments, very unstealthy
A: retaliatory headbutt, horns 2
a: Heroism, Finesse, Renounce Religion


You were on level 2 of the Lair of Beasts.
You worshipped Okawaru.
Okawaru was exalted by your worship.
You were full.

You visited 2 branches of the dungeon, and saw 14 of its levels.

You collected 730 gold pieces.
You spent 55 gold pieces at shops.

Inventory:

Hand weapons
 H - a +4,+3 long sword
 M - a +1,+1 demon blade of freezing (weapon)
Armour
 D - a +1 cloak (worn)
 L - a +1 shield of fire resistance (worn)
 N - a +4 orcish ring mail of fire resistance (worn)
 R - a +0 pair of boots (worn)
Magical devices
 a - a wand of polymorph (2)
 d - a wand of disintegration (13)
 i - a wand of magic darts (10)
 n - a wand of digging (6)
 q - a wand of fire (9)
 r - a wand of confusion (11)
 t - a wand of frost (8)
 x - a wand of confusion (8)
 z - a wand of paralysis (0)
 G - a wand of heal wounds (0)
 K - a wand of draining (3)
Comestibles
 j - 8 meat rations
 s - 8 beef jerkies
 u - a royal jelly
 E - 2 bread rations
 F - 16 honeycombs
Scrolls
 b - a scroll of magic mapping
 m - a scroll of identify
 p - 3 scrolls of fog
 y - a scroll of immolation {unknown}
 C - a scroll of remove curse
 I - a scroll of noise
 O - a scroll of enchant weapon II {unknown}
 Q - a scroll of amnesia
 T - a scroll of brand weapon {unknown}
Jewellery
 o - a ring of positive energy (left hand)
 v - an amulet of faith (around neck)
Potions
 c - 3 potions of invisibility
 e - a potion of cure mutation
 f - 4 potions of heal wounds
 h - 8 potions of curing
 k - 2 potions of flight
 l - a potion of agility
 A - a potion of porridge
 B - a potion of lignification {unknown}
 J - 3 potions of restore abilities
Books
 g - a book of Conjurations

   Spells                             Type                      Level
   Magic Dart                         Conjuration                  1
   Searing Ray                        Conjuration                  2
   Dazzling Spray                     Conjuration/Hexes            3
   Iskenderun's Mystic Blast          Conjuration                  4
   Iskenderun's Battlesphere          Conjuration/Charms           4
   Fulminant Prism                    Conjuration/Hexes            5
Miscellaneous
 P - a lamp of fire


   Skills:
 + Level 11.1 Fighting
 + Level 10.7 Long Blades
 + Level 11.2 Armour
 + Level 9.7 Dodging
 + Level 10.8 Shields
 + Level 4.3 Evocations


You had 11 spell levels left.
You didn't know any spells.

Dungeon Overview and Level Annotations

Branches:
Dungeon (11/16)            Temple (0/1) D:7             Orc (0/4) D:10
   Lair (3/8) D:11
  Swamp: Lair:3-6    Shoals: Lair:3-6     Snake: Lair:3-6    Spider: Lair:3-6

Altars:
Cheibriados
Dithmengos
Makhleb
Okawaru
Vehumet

Shops:
D:5 [*   D:6 !


Innate Abilities, Weirdness & Mutations

You reflexively headbutt those who attack you in melee.
You have a pair of horns on your head.


Message History

The 16-headed hydra bites you!
* * * LOW HITPOINT WARNING * * *
The 16-headed hydra bites you but does no damage.
You block the 16-headed hydra's attack.
The 16-headed hydra bites you but does no damage.
The 16-headed hydra barely misses you. The 16-headed hydra bites you.
* * * LOW HITPOINT WARNING * * *
The 16-headed hydra barely misses you. The 16-headed hydra bites you.
* * * LOW HITPOINT WARNING * * *
The 16-headed hydra completely misses you.
The 16-headed hydra bites you but does no damage.
As you read the scroll of teleportation, it crumbles to dust.
You feel strangely unstable. The 16-headed hydra bites you.
* * * LOW HITPOINT WARNING * * *
The 16-headed hydra closely misses you.
The 16-headed hydra bites you but does no damage.
The 16-headed hydra bites you!
* * * LOW HITPOINT WARNING * * *
The 16-headed hydra bites you!
You die...

##...##.#..#
##....
#P..##.#..##
#....
#f.........###
##.#.
#............#
###.
##............##
##.
#..............#
#P.
#..............#
##.
##.......D....P#
#.
#.......@....##
##
##............# #
#.............#
##............#
#............####
#...............#
##.###..........#
### ##.......(.#
#.........#


You could see a 16-headed hydra.

Vanquished Creatures
  The ghost of Piginabag the Fighter, an experienced OpWn of Nemelex Xobeh (D:9)
  A centaur warrior (D:8)
  3 hill giants
  2 black mambas
  An octopode (D:11)
  2 spiny frogs
  3 komodo dragons
  A queen bee (D:11)
  A water elemental (D:11)
  3 sharks (D:11)
  12 yaks
  A fire bat (D:4)
  2 hippogriffs
  4 swamp worms (Lair:2)
  2 manticores
  2 mottled dragons (D:11)
  Edmund (D:7)
  A necrophage (D:11)
  5 porcupines
  2 giant goldfish (D:11)
  A black bear (D:8)
  5 ogres
  8 orc warriors
  4 sky beasts
  5 centaurs
  3 ice beasts
  5 crocodiles
  Blork the orc (D:8)
  7 giant frogs
  A gnoll sergeant (D:8)
  3 agate snails
  A manticore skeleton (D:8)
  17 wights
  A troll skeleton (D:10)
  A hippogriff skeleton (D:6)
  34 killer bees
  8 jellyfish
  10 crimson imps
  6 electric eels
  6 orc priests
  A water moccasin zombie (D:9)
  3 goliath beetles
  4 hounds
  A jelly (D:6)
  Crazy Yiuf (D:7)
  2 centaur zombies
  10 orc wizards
  A quasit (D:10)
  2 scorpions
  4 worker ants
  5 iguanas
  Ijyb (D:7)
  Jessica (D:2)
  An ogre skeleton (D:10)
  A sky beast zombie (D:8)
  A boggart (D:6)
  A hound zombie (D:5)
  A mummy (D:9)
  15 adders
  4 gnolls (D:5)
  A giant centipede (Lair:1)
  2 inept item mimics
  2 giant mites
  8 worms
  An adder skeleton (D:6)
  An iguana zombie (D:7)
  2 giant eyeballs
  5 giant geckos
  2 oozes (D:1)
  43 orcs
  2 bat skeletons
  19 hobgoblins
  10 jackals
  16 kobolds
  4 quokkas
  2 ball pythons
  9 bats
  6 giant cockroaches
  A giant cockroach zombie (D:5)
  6 giant newts
  A giant spore (D:6)
  A gnoll skeleton (D:7)
  9 goblins
  A goblin zombie (D:5)
  A kobold skeleton (D:6)
  13 rats
  2 ballistomycetes (D:6)
407 creatures vanquished.

Vanquished Creatures (others)
  A giant cockroach (D:8)
  2 giant spores
  2 ballistomycetes (D:8)
5 creatures vanquished.

Grand Total: 412 creatures vanquished

Notes
Turn   | Place    | Note
--------------------------------------------------------------
     0 | D:1      | Nicoed, the Minotaur Fighter, began the quest for the Orb.
     0 | D:1      | Reached XP level 1. HP: 19/19 MP: 1/1
   178 | D:1      | Reached XP level 2. HP: 22/27 MP: 1/1
   753 | D:2      | Noticed Jessica
   758 | D:2      | Killed Jessica
   758 | D:2      | Reached skill level 4 in Fighting
   758 | D:2      | Reached skill level 1 in Dodging
   758 | D:2      | Reached XP level 3. HP: 30/33 MP: 2/2
   857 | D:2      | Reached XP level 4. HP: 27/40 MP: 2/2
   858 | D:2      | Found an iron altar of Okawaru.
   869 | D:2      | Became a worshipper of Warmaster Okawaru
   995 | D:2      | Found a burning altar of Makhleb.
  1023 | D:2      | Found a snail-covered altar of Cheibriados.
  1561 | D:3      | Reached XP level 5. HP: 45/47 MP: 2/2
  1714 | D:3      | Found a shadowy altar of Dithmengos.
  2171 | D:4      | Noticed an ogre
  2181 | D:4      | Killed an ogre
  2355 | D:4      | Reached skill level 5 in Shields
  2355 | D:4      | Reached XP level 6. HP: 32/55 MP: 3/3
  2409 | D:4      | Noticed an ogre
  2410 | D:4      | Noticed a fire bat
  2410 | D:4      | an ogre changed into a fire bat
  2417 | D:4      | Killed a fire bat
  2417 | D:4      | Acquired Okawaru's first power
  2417 | D:4      | Reached skill level 5 in Fighting
  2417 | D:4      | Reached skill level 5 in Armour
  2724 | D:5      | Entered Level 5 of the Dungeon
  2960 | D:5      | Reached XP level 7. HP: 51/61 MP: 3/3
  3042 | D:5      | Found Lalini's General Store.
  3045 | D:5      | Bought a scroll of identify for 22 gold pieces
  3045 | D:5      | Bought a scroll of remove curse for 33 gold pieces
  3068 | D:5      | Found Urpheni's Antique Armour Shop.
  3431 | D:5      | Reached skill level 6 in Fighting
  3431 | D:5      | Reached skill level 5 in Long Blades
  3777 | D:5      | Reached XP level 8. HP: 56/70 MP: 3/3
  4457 | D:6      | Found Kacian's Distillery.
  4763 | D:6      | Reached skill level 7 in Fighting
  4792 | D:6      | Reached skill level 5 in Dodging
  4822 | D:6      | Found a radiant altar of Vehumet.
  5219 | D:6      | Reached XP level 9. HP: 66/79 MP: 4/4
  5338 | D:7      | Noticed Edmund
  5351 | D:7      | Killed Edmund
  5775 | D:7      | Found a staircase to the Ecumenical Temple.
  5776 | D:7      | Noticed Ijyb
  5777 | D:7      | Paralysed by Ijyb for 7 turns
  5792 | D:7      | Killed Ijyb
  5930 | D:7      | Reached skill level 8 in Shields
  6104 | D:7      | Noticed Crazy Yiuf
  6113 | D:7      | Killed Crazy Yiuf
  6635 | D:8      | Paralysed by a giant eyeball for 3 turns
  6642 | D:8      | Paralysed by a giant eyeball for 3 turns
  6651 | D:8      | Paralysed by a giant eyeball for 3 turns
  6658 | D:8      | Paralysed by a giant eyeball for 4 turns
  6666 | D:8      | Paralysed by a giant eyeball for 2 turns
  6675 | D:8      | Paralysed by a giant eyeball for 4 turns
  6866 | D:8      | Noticed a centaur warrior
  6871 | D:8      | Noticed Blork the orc
  6890 | D:8      | Killed Blork the orc
  6914 | D:8      | Killed a centaur warrior
  6917 | D:8      | Reached XP level 10. HP: 57/90 MP: 4/4
  6980 | D:8      | Acquired Okawaru's second power
  7486 | D:9      | Reached skill level 9 in Fighting
  7574 | D:9      | Noticed Piginabag's ghost (experienced OpWn)
  7586 | D:9      | Killed Piginabag's ghost
  7603 | D:9      | Got a fine robe
  7641 | D:9      | Identified the cursed +0 robe "Cheaharr" {rPois MR++} (You found it on level 9 of the Dungeon)
  8002 | D:10     | Entered Level 10 of the Dungeon
  8053 | D:10     | Noticed a hill giant
  8066 | D:10     | Killed a hill giant
  8068 | D:10     | Received a gift from Okawaru
  8898 | D:10     | Found a staircase to the Orcish Mines.
  9360 | D:11     | Reached XP level 11. HP: 85/99 MP: 4/4
  9375 | D:11     | Reached skill level 10 in Armour
  9387 | D:11     | Reached skill level 1 in Evocations
  9667 | D:11     | Reached skill level 10 in Fighting
  9669 | D:11     | Noticed an octopode
  9678 | D:11     | Killed an octopode
 10108 | D:11     | Noticed a hill giant
 10142 | D:11     | Killed a hill giant
 10387 | D:11     | Noticed a hill giant
 10403 | D:11     | Killed a hill giant
 10403 | D:11     | Reached skill level 10 in Shields
 10682 | D:11     | Reached skill level 10 in Long Blades
 10815 | D:11     | Received a gift from Okawaru
 11227 | D:11     | Found a staircase to the Lair.
 11622 | Lair:1   | Entered Level 1 of the Lair of Beasts
 11972 | Lair:1   | Received a gift from Okawaru
 12546 | Lair:2   | Reached skill level 11 in Armour
 12705 | Lair:2   | Reached XP level 12. HP: 108/108 MP: 13/13
 14562 | Lair:3   | Noticed a six-headed hydra
 14927 | Lair:2   | Slain by a 16-headed hydra

Action                   |  1- 3 |  4- 6 |  7- 9 | 10-12 || total
-------------------------+-------+-------+-------+-------++-------
Melee: Falchion          |    86 |   145 |   479 |       ||   710
       Long sword        |       |       |    34 |   509 ||   543
       Demon blade       |       |       |       |   325 ||   325
Invok: Heroism           |       |       |     4 |     5 ||     9
Evoke: Wand              |       |     2 |     3 |     8 ||    13
  Use: Scroll            |       |    11 |     4 |     9 ||    24
       Potion            |       |       |     9 |    10 ||    19
